AoeStats
← 297539664

Pilgrims

509400822Analyzed
4v4 RM · 5d ago on Sep 26, 2026· 35m 47s· 8 players
Game mode
Random Map
Map size
Large (8 player)
Population
200
Speed
Normal
Resources
Standard
Victory
Conquest
Starting age
Dark Age
Ending age
Imperial Age
RankedLock teamsTeams togetherTeam positionsShared explorationLock speedFull tech treeHidden civsTurbo modeCheats
Victory
Defeat
🇨🇿 Armenians · Czechia
1433
+14
🇷🇺 Byzantines · Russia
1404
+15
🇷🇺 Khmer · Russia
1395
+15
🇵🇱 Huns · Poland
1317
+19
🇲🇽 Varangians · Mexico
1448
-18
🇨🇳 Khmer · China
1424
-18
🇺🇸 Turks · United States
1340
-14
🇨🇳 Franks · China
1315
-13
Welldone
11:55 Feudal Age
10:12 Loom
17:02 Castle Age
14:51 Double-Bit Axe
18:15 Medium Warships
29:44 Fishing Lines
32:12 Fervor
33:34 Wheelbarrow
33:44 Gold Mining
34:14 Horse Collar
35:16 Heavy Plow
GoodFunHaveLuck
9:28 Loom
12:38 Feudal Age
16:22 Castle Age
15:25 Forging
15:20 Scale Barding Armor
16:19 Bloodlines
16:39 Double-Bit Axe
23:34 Iron Casting
23:20 Chain Barding Armor
26:18 Husbandry
28:06 Wheelbarrow
32:23 Imperial Age
32:24 Cavalier
34:09 Blast Furnace
33:44 Plate Barding Armor
33:23 Bow Saw
fall
7:36 Loom
9:59 Feudal Age
10:44 Double-Bit Axe
14:37 Castle Age
12:56 Stone Mining
13:36 Fletching
15:37 Bodkin Arrow
16:25 Town Watch
17:36 Medium Warships
21:22 Bow Saw
20:52 Horse Collar
21:38 Heavy Plow
27:30 Murder Holes
27:46 Masonry
28:36 Fortified Wall
30:54 Scale Mail Armor
32:58 Pikeman
33:39 Squires
33:50 Forging
36:05 Iron Casting
35:48 Chain Mail Armor
JustPlayer
10:47 Loom
12:55 Feudal Age
13:57 Double-Bit Axe
25:29 Wheelbarrow
28:20 Castle Age
28:11 Wheelbarrow
29:18 Medium Warships
29:46 Bow Saw
Leonidas
12:13 Feudal Age
16:22 Castle Age
14:17 Fletching
14:37 Double-Bit Axe
18:35 Bow Saw
18:44 Bodkin Arrow
23:42 Ballistics
25:01 Clinker Construction
28:19 Fishing Lines
Dr.Dreamz
3:33 Loom
12:36 Feudal Age
17:23 Castle Age
15:30 Double-Bit Axe
16:35 Fletching
20:32 Town Watch
22:03 Bodkin Arrow
297539664
12:56 Feudal Age
15:49 Castle Age
14:13 Double-Bit Axe
17:41 Bow Saw
22:13 Wheelbarrow
24:01 Horse Collar
25:55 Gold Mining
26:13 Heavy Plow
26:34 Bloodlines
27:41 Scale Barding Armor
28:56 Forging
31:52 Chain Barding Armor
32:08 Iron Casting
36:15 Imperial Age
34:59 Loom
38:14 Imperial Age
默默发育
11:11 Feudal Age
16:01 Castle Age
14:17 Double-Bit Axe
20:30 Wheelbarrow
24:04 Gold Mining
24:42 Bow Saw
29:16 Imperial Age
27:26 Hand Cart
29:09 Forging
29:05 Scale Barding Armor
29:54 Husbandry
30:32 Iron Casting
30:20 Conscription
Connection lost

Rejoining the realm…

Still unreachable

The connection could not be restored.

Session expired

The server has moved on; the page needs a fresh start.